 Dungeon Crawl Stone Soup version 0.20.0-4-g10b340a (webtiles) character file.

3455 xnavy the Quickloader (level 9, -3/85 HPs)
             Began as a Centaur Hunter on May 27, 2017.
             Was a Believer of Okawaru.
             Killed from afar by Maurice (11 damage)
             ... with a wand of lightning (?/15)
             ... on level 8 of the Dungeon.
             The game lasted 00:28:43 (9317 turns).

xnavy the Quickloader (Centaur Hunter)              Turns: 9317, Time: 00:28:44

Health: -3/85      AC: 16    Str: 17    XL:     9   Next: 78%
Magic:  9/9        EV:  6    Int: 10    God:    Okawaru [**....]
Gold:   537        SH:  0    Dex: 11    Spells: 8/8 levels left

rFire    . . .     SeeInvis +   a - +2 hand crossbow
rCold    + . .     Gourm    .   (no shield)
rNeg     . . .     Faith    .   O - +2 ring mail {rC+}
rPois    .         Spirit   .   (no helmet)
rElec    .         Reflect  .   Q - +0 cloak
rCorr    .         Harm     .   (no gloves)
MR       .....                  B - +1 centaur barding
Stlth    ..........             (no amulet)
Regen    0.3/turn               F - +3 ring of protection
MPRegen  0.2/turn               L - ring of see invisible

@: very quick
A: hooves 3, deformed body, speed 2, tough skin 3
a: Heroism, Renounce Religion


You were on level 8 of the Dungeon.
You worshipped Okawaru.
Okawaru was pleased with you.
You were not hungry.

You visited 2 branches of the dungeon, and saw 9 of its levels.
You also visited: Ossuary.

You collected 620 gold pieces.
You spent 83 gold pieces at shops.

Inventory:

Hand Weapons
 a - a +2 hand crossbow (weapon)
 b - a +4 quarterstaff of chaos
Missiles
 d - 89 bolts (quivered)
 h - 169 stones
Armour
 l - the +3 robe of Clouds {+Fly rElec}
   (You found it on level 8 of the Dungeon)

   It insulates you from electricity.
   It lets you fly.
 B - a +1 centaur barding (worn)
 N - a +0 plate armour
 O - a +2 ring mail of cold resistance (worn)
 Q - a +0 cloak (worn)
Jewellery
 p - a +4 ring of strength
 y - an uncursed ring of ice
 F - a +3 ring of protection (left hand)
 J - a +6 ring of dexterity
 L - a ring of see invisible (right hand)
Wands
 k - a wand of flame (31/48)
 C - a wand of confusion (12/48)
 G - a wand of clouds (7/9)
Scrolls
 n - 7 scrolls of teleportation
 q - 2 scrolls of fog
 s - 3 scrolls of remove curse
 t - 5 scrolls of identify
 u - 3 scrolls of blinking
 v - a scroll of enchant armour
 P - 3 scrolls of enchant weapon
Potions
 e - 2 potions of agility
 g - a potion of resistance
 m - 2 potions of ambrosia {unknown}
 o - 2 potions of lignification
 r - 6 potions of curing
 w - a potion of berserk rage {unknown}
 A - a potion of flight {unknown}
 E - 4 potions of brilliance {unknown}
 H - a potion of magic {unknown}
 M - a potion of cancellation {unknown}
Books
 c - the Disquisition on the Voyage
   (You found it on level 8 of the Dungeon)

   Spells                             Type                      Level
   a - Apportation                    Translocation                1
   b - Recall                         Summoning/Translocation      3
   c - Gell's Gravitas                Translocation                3
   d - Summon Forest                  Summoning/Translocation      5
   e - Dispersal                      Translocation                6
Comestibles
 f - 5 bread rations
 i - 6 royal jellies
 j - 4 chunks of flesh
 x - 6 fruits
 z - 4 meat rations


   Skills:
 + Level 9.8 Fighting
 + Level 11.7 Crossbows
 - Level 1.3 Dodging
 - Level 0.4 Stealth


You had 8 spell levels left.
You didn't know any spells.

Dungeon Overview and Level Annotations

Branches:
Dungeon (8/15)             Temple (1/1) D:6
   Lair: D:8-11

Altars:
Ashenzari
Cheibriados
Dithmenos
Elyvilon
Fedhas
Gozag
Hepliaklqana
Kikubaaqudgha
Makhleb
Nemelex Xobeh
Okawaru
Qazlal
Ru
Sif Muna
Trog
Uskayaw
Vehumet
Xom
Yredelemnul
Zin
The Shining One

Shops:
D:7 (

Annotations:
D:8 Maurice


Innate Abilities, Weirdness & Mutations

You have hooves in place of feet.
Armour fits poorly on your strangely shaped body.
You cover ground very quickly.
You have extremely tough skin. (AC +3)


Message History

Maurice hits you but does no damage.
You are more poisoned.
Firing (i - inventory. (,) - cycle):
d - 90 bolts (quivered)
Press: ? - help, Shift-Dir - straight line, f/p - Maurice
Aim: Maurice, wielding a dagger of venom, wearing a glowing cloak and carrying a wand of lightning (?/15) {zapped: 1} (moderately wounded, poisoned)
You shoot a bolt. The bolt closely misses Maurice.
You feel sick.
Maurice zaps a wand.
The bolt of lightning hits you!
* * * LOW HITPOINT WARNING * * *
* * * LOW HITPOINT WARNING * * *
You feel sick.
Maurice tries to hide in the shadows.
Maurice mumbles some strange words.
Maurice blinks!
You feel better.
The leopard gecko zombie bites you but does no damage.
You see here a scorpion corpse.
Maurice zaps a wand.
The bolt of lightning hits the leopard gecko zombie.
The bolt of lightning hits you!
You die...

#.#
#....(........#
.#
##.############
#.# #.# #### #.#
..# ###.# #.#
#...#
#.########.###
#.####.@.†Z..@..#
#.....(##########
######(# #.....#
#..>..# #.....Z.
#.....### #.....#
#######


You could see Maurice and a leopard gecko zombie.

Vanquished Creatures
  A water nymph (D:8)
  Prince Ribbit (D:8)
  Sigmund (D:2)
  4 ice beasts
  2 sky beasts
  A black bear (D:8)
  3 ogres
  2 necrophages
  An orc warrior (D:6)
  3 centaurs
  An elf zombie (Ossuary)
  3 bullfrogs
  4 scorpions
  4 crimson imps
  2 hounds
  2 orc priests
  An orc wizard (D:3)
  Crazy Yiuf (D:7)
  A bullfrog skeleton (D:8)
  2 iguanas (D:7)
  Ijyb (D:3)
  3 worker ants
  A killer bee zombie (D:8)
  2 big kobold zombies (Ossuary)
  A hound zombie (Ossuary)
  5 mummies
  4 gnolls (D:7)
  7 adders
  3 shadow imps
  An adder zombie (D:8)
  3 oozes
  An adder skeleton (D:8)
  2 worms
  A dart slug (D:3)
  4 leopard geckos
  21 orcs
  2 ball pythons
  5 giant cockroaches
  6 goblins
  6 hobgoblins
  8 jackals
  5 quokkas
  7 bats
  9 frilled lizards
  A gnoll zombie (Ossuary)
  A goblin zombie (D:5)
  A hobgoblin zombie (Ossuary)
  2 jackal zombies (Ossuary)
  7 kobolds
  2 kobold zombies
  An orc zombie (Ossuary)
  11 rats
  2 rat zombies (Ossuary)
176 creatures vanquished.

Vanquished Creatures (others)
  An adder (D:8)
1 creature vanquished.

Grand Total: 177 creatures vanquished

Notes
Turn   | Place    | Note
-------+----------+-------------------------------------------
     0 | D:1      | xnavy the Centaur Hunter began the quest for the Orb.
     0 | D:1      | Reached XP level 1. HP: 17/17 MP: 1/1
   230 | D:1      | Reached XP level 2. HP: 18/24 MP: 2/2
   302 | D:1      | Reached skill level 5 in Crossbows
   759 | D:2      | Noticed Sigmund
   966 | D:2      | HP: 1/24 [adder (4)]
  1229 | D:2      | Reached XP level 3. HP: 29/29 MP: 3/3
  1240 | D:2      | Killed Sigmund
  1240 | D:2      | Reached skill level 7 in Crossbows
  1240 | D:2      | Reached XP level 4. HP: 8/36 MP: 4/4
  1240 | D:2      | Reached XP level 5. HP: 9/41 MP: 5/5
  1838 | D:2      | HP: 2/41 [poisoned by an adder]
  2613 | D:3      | Noticed Ijyb
  2653 | D:3      | Killed Ijyb
  2653 | D:3      | Reached skill level 8 in Crossbows
  2804 | D:3      | Reached XP level 6. HP: 47/48 MP: 6/6
  4057 | D:4      | Noticed an ice beast
  4073 | D:4      | Killed an ice beast
  4410 | D:4      | Reached skill level 9 in Crossbows
  4410 | D:4      | Reached XP level 7. HP: 36/57 MP: 7/7
  4721 | D:5      | Entered Level 5 of the Dungeon
  4793 | D:5      | Found a radiant altar of Vehumet.
  4864 | D:5      | Found a deep blue altar of Sif Muna.
  4873 | D:5      | Found an opulent altar of Gozag.
  4875 | D:5      | Found a shadowy altar of Dithmenos.
  4975 | D:5      | Found a sand-covered staircase.
  4979 | Ossuary  | Entered an ossuary
  5529 | D:6      | Reached skill level 10 in Crossbows
  5529 | D:6      | Reached XP level 8. HP: 67/67 MP: 8/8
  5558 | D:6      | Found a staircase to the Ecumenical Temple.
  5578 | D:6      | Reached skill level 5 in Fighting
  5617 | Temple   | Entered the Ecumenical Temple
  5792 | Temple   | Became a worshipper of Warmaster Okawaru
  6838 | D:6      | Reached * piety under Okawaru
  7234 | D:7      | Reached skill level 11 in Crossbows
  7234 | D:7      | Reached XP level 9. HP: 55/79 MP: 9/9
  7886 | D:7      | Found a runed door.
  7891 | D:7      | Noticed Crazy Yiuf
  7904 | D:7      | Killed Crazy Yiuf
  7985 | D:7      | Found Balint's Weapon Emporium.
  8002 | D:7      | Bought 17 bolts for 37 gold pieces
  8002 | D:7      | Bought 21 bolts for 46 gold pieces
  8275 | D:7      | Reached ** piety under Okawaru
  8329 | D:8      | Identified the Disquisition on the Voyage
  8339 | D:8      | Noticed a two-headed ogre
  8356 | D:8      | Noticed a water nymph
  8356 | D:8      | a two-headed ogre changed into a water nymph
  8358 | D:8      | HP: 3/81 [drowned by a water nymph (11)]
  8754 | D:8      | Noticed Prince Ribbit
  8762 | D:8      | Killed Prince Ribbit
  9025 | D:8      | Killed a water nymph
  9177 | D:8      | Found a glowing silver altar of Zin.
  9301 | D:8      | Noticed Maurice
  9310 | D:8      | HP: 3/84 [Maurice/wand of lightning (?/15) (26)]
  9317 | D:8      | Killed from afar by Maurice

Skill      XL: |  1  2  3  4  5  6  7  8  9 |
---------------+----------------------------+-----
Crossbows      | 5 7 8 9 10 11 | 11.7
Fighting       | 3 4 7 9 |  9.8
Dodging        | |  1.3
Stealth        | |  0.4

Action                   |  1- 3 |  4- 6 |  7- 9 || total
-------------------------+-------+-------+-------++-------
Melee: Short sword       |    72 |   119 |       ||   191
       Kick              |     8 |    37 |    88 ||   133
       Quarterstaff      |       |    78 |   310 ||   388
 Fire: Hand crossbow     |    22 |    32 |   136 ||   190
Invok: Heroism           |       |       |     1 ||     1
  Use: Potion            |     4 |       |     3 ||     7
       Scroll            |       |       |    15 ||    15
 Stab: Distracted        |       |       |     1 ||     1
       Paralysed         |       |       |     1 ||     1
  Eat: Chunk             |       |     9 |    13 ||    22
       Fruit             |       |       |     1 ||     1
Armor: Leather armour    |    38 |   101 |   168 ||   307
       Skin              |       |       |   244 ||   244
       Ring mail         |       |       |   136 ||   136
Dodge: Dodged            |    41 |    80 |   147 ||   268
